 Dungeon Sprint DCSS version 0.32-a0-571-gec57dfcd37 (webtiles) character file.

Game seed: 7963940512090376526

698 rocky1 the Bludgeoner (level 7, -4/64 HPs)
             Began as a Mountain Dwarf Fighter on Mar 1, 2024.
             Was an Initiate of Gozag.
             Slain by a human
             ... wielding a +2 war axe of freezing
              (17 damage)
             ... in the Dungeon (Sprint III: "The Ten Rune Challenge").
             The game lasted 00:01:46 (944 turns).

rocky1 the Bludgeoner (Mountain Dwarf Fighter)       Turns: 944, Time: 00:01:47

Health: -4/64      AC:  7    Str: 20    XL:     7   Next: 38%
Magic:  7/7        EV: 10    Int:  9    God:    Gozag
Gold:   259        SH:  5    Dex:  9    Spells: 6/6 levels left

rFire   . . .        a - +0 flail
rCold   . . .        c - +0 buckler
rNeg    . . .        b - +0 scale mail
rPois   .            (no helmet)
rElec   .            (no cloak)
rCorr   .            (no gloves)
SInv    .            (no boots)
Will    .....        (no amulet) Stlth
                     (no ring)
HPRegen 0.30/turn    (no ring)
MPRegen 0.10/turn

%: no teleportation
@: gold aura
A: runic magic, artefact enchanting, inability to read after injury 1
a: Renounce Religion, Potion Petition, Call Merchant, Bribe Branch


You were in the Dungeon.
You worshipped Gozag.
Gozag was aware of your devotion.
You visited 1 branch You collected 259 gold pieces.

Inventory:

Hand Weapons
 a - a +0 flail (weapon)
Armour
 b - a +0 scale mail (worn)
 c - a +0 buckler (worn)
Scrolls
 j - a scroll of blinking
 k - 2 scrolls of torment {unknown}
 l - a scroll of enchant armour {unknown}
 n - a scroll of identify {unknown}
Potions
 d - a potion of might
 f - a potion of heal wounds
 g - a potion of haste
 h - 2 potions of magic
 m - 5 potions of enlightenment
Miscellaneous
 e - a box of beasts


   Skills:
 + Level 6.5 Fighting
 - Level 15.0 Maces & Flails
 + Level 6.5 Armour
 + Level 3.4 Dodging
 + Level 6.5 Shields


You had 6 spell levels left.
You didn't know any spells.
Your spell library was empty.

Dungeon Overview and Level Annotations

Branches:
Dungeon (1/1)

Altars:
Cheibriados
Dithmenos
Fedhas
Gozag
Hepliaklqana
Makhleb
Nemelex Xobeh
Okawaru
Qazlal
Ru
Trog
Uskayaw
Wu Jian
Xom
Yredelemnul
Beogh
Jiyva
Lugonu


Innate Abilities, Weirdness & Mutations

Your spellcasting is much less encumbered by armour.
You can use scrolls of enchantment on lesser artefacts.
You occasionally lose the ability to read scrolls when taking damage.


Message History

You now have 205 gold pieces (gained 36).
There is a basalt altar of Yredelemnul here.
Things that are here:
a +0 trident; a +0 robe You start resting.
HP restored.
You now have 259 gold pieces (gained 54).
There is an open door, spattered with blood here.
You start waiting.
Done waiting.
You open the door.
A human comes into view.
The human shouts!
You hear a shout!
Found a robe.
Found five altars.
You thump the human!
The human is heavily wounded.
You hear a shout!
A human comes into view.
It is wielding a +2 war axe of freezing.
You block the human's attack.
You sock the human!
The human is severely wounded.
You thump the human!
The human is almost dead.
You thump the human!
You kill the human!
The human hits you with a +2 war axe of freezing!
The human freezes you.
The human hits you with a +2 war axe of freezing!!
The human freezes you!
* * * LOW HITPOINT WARNING * * *
Your Fighting skill increases to level 6!
Your Armour skill increases to level 6!
Your Dodging skill increases to level 3!
Your Shields skill increases to level 6!
Unknown command.
Okay, then.
You hit the human but do no damage.
The human hits you with a +2 war axe of freezing!
You die...
Your body crumbles into a pile of gold.

▓▓▓▓ ▓▓▓ ...♣♣♣ ♣.#
######## .....♣ ♣.#
#___#__# .....♣ ♣♣.#
#__ #._#
...~.♣♣♣..###+#p###'##
..~~......#....$@....#
.~~~~♣....'.⌠........#
.~≈≈~~~.♣.#...######'#
~~≈~~~....#.⌠.#__#...#
~≈~~~.....#...#__#...#
~~~.......#+###__#...#
...†......# #__#...+
..........# #__'...#
▓▓▓▓▓▓▓▓▓▓▓ ▓▓▓▓▓▓▓▓


You could see a human (berserk).

Vanquished Creatures
  A shadow (D)
  A spatial vortex (D)
  A weeping skull (D)
  A water elemental (D)
  A scorpion (D)
  A wight (D)
  A jelly (D)
  2 humans (D)
  An endoplasm (D)
  3 rats (D)
13 creatures vanquished.

Notes
Turn   | Place    | Note
-------+----------+-------------------------------------------
     0 | D        | rocky1 the Mountain Dwarf Fighter began the quest for the
                  | Orb.
     0 | D        | Reached XP level 1. HP: 19/19 MP: 1/1
    37 | D        | Noticed a scorpion
    51 | D        | HP: 1/20 [scorpion (1)]
    53 | D        | Killed a scorpion
    54 | D        | Reached skill level 8 in Maces & Flails
    54 | D        | Reached XP level 2. HP: 17/27 MP: 2/2
    54 | D        | Reached XP level 3. HP: 21/33 MP: 3/3
   305 | D        | Gained mutation: You have large cloven feet. [potion of
                  | mutation]
   305 | D        | Gained mutation: Your health recovers twice as slowly from
                  | being drained. [potion of mutation]
   305 | D        | Gained mutation: Your mind is acute. (Int +4, Str/Dex -1)
                  | [potion of mutation]
   306 | D        | Lost mutation: You have large cloven feet. [potion of
                  | mutation]
   306 | D        | Lost mutation: Your mind is acute. (Int +4, Str/Dex -1)
                  | [potion of mutation]
   306 | D        | Lost mutation: Your health recovers twice as slowly from
                  | being drained. [potion of mutation]
   306 | D        | Gained mutation: You are dopey. (Int -2) [potion of
                  | mutation]
   306 | D        | Gained mutation: Your spells are a little harder to cast,
                  | but a little more powerful. [potion of mutation]
   307 | D        | Lost mutation: Your spells are a little harder to cast, but
                  | a little more powerful. [potion of mutation]
   307 | D        | Lost mutation: You are dopey. (Int -2) [potion of mutation]
   307 | D        | Gained mutation: You are frail. (-10% HP) [potion of
                  | mutation]
   308 | D        | Lost mutation: You are frail. (-10% HP) [potion of
                  | mutation]
   308 | D        | Gained mutation: You occasionally lose the ability to read
                  | scrolls when taking damage. [potion of mutation]
   355 | D        | Reached skill level 9 in Maces & Flails
   355 | D        | Reached XP level 4. HP: 18/40 MP: 4/4
   449 | D        | Noticed a water elemental
   454 | D        | Killed a water elemental
   455 | D        | Reached skill level 11 in Maces & Flails
   455 | D        | Reached XP level 5. HP: 46/46 MP: 5/5
   526 | D        | Reached skill level 12 in Maces & Flails
   628 | D        | Noticed a shadow
   639 | D        | Killed a shadow
   640 | D        | Reached skill level 15 in Maces & Flails
   640 | D        | Reached XP level 6. HP: 35/52 MP: 6/6
   706 | D        | Found a blossoming altar of Fedhas.
   706 | D        | Found a stormy altar of Qazlal.
   706 | D        | Found a snail-covered altar of Cheibriados.
   706 | D        | Found a burning altar of Makhleb.
   706 | D        | Found a shimmering altar of Xom.
   706 | D        | Noticed a spatial vortex
   707 | D        | Found a hazy altar of Hepliaklqana.
   707 | D        | Found an opulent altar of Gozag.
   707 | D        | Found a sparkling altar of Nemelex Xobeh.
   707 | D        | Found a corrupted altar of Lugonu.
   707 | D        | Found a viscous altar of Jiyva.
   716 | D        | Became a worshipper of Gozag Ym Sagoz the Greedy
   723 | D        | Killed a spatial vortex
   724 | D        | Reached skill level 5 in Fighting
   724 | D        | Reached skill level 5 in Armour
   724 | D        | Reached skill level 5 in Shields
   749 | D        | Found a basalt altar of Yredelemnul.
   749 | D        | Found a shadowy altar of Dithmenos.
   749 | D        | Found a sacrificial altar of Ru.
   775 | D        | Reached XP level 7. HP: 45/62 MP: 7/7
   938 | D        | Found a hide-covered altar of Uskayaw.
   938 | D        | Found a roughly hewn altar of Beogh.
   938 | D        | Found an iron altar of Okawaru.
   938 | D        | Found a bloodstained altar of Trog.
   938 | D        | Found an ornate altar of the Wu Jian Council.
   938 | D        | Noticed a human
   940 | D        | Noticed a human
   943 | D        | Killed a human
   944 | D        | Slain by a human

Illustrated notes

Levels and vault maps discovered:
D:        dungeon_sprint_mu [sprint_mu_entry_forest, sprint_mu_temple_rooms,
          sprint_mu_d1_spiders, sprint_mu_d2_genie, sprint_mu_d3_branching,
          sprint_mu_orc_legion, sprint_mu_elf_gauntlet, sprint_mu_hive_nellie,
          sprint_mu_lair_fedhas, sprint_mu_vaults_butterflies,
          sprint_mu_slime_circle, sprint_mu_swamp_cave, sprint_mu_snake_twists,
          sprint_mu_blade_basic, sprint_mu_crypt_lich, sprint_mu_tomb_spiral,
          sprint_mu_vestibule_basic, sprint_mu_gehenna_hellfire,
          sprint_mu_dis_giant, sprint_mu_tartarus_statrot,
          sprint_mu_cocytus_islands, sprint_mu_zot1]

Skill      XL: |  1  2  3  4  5  6  7 |
---------------+----------------------+-----
Maces & Flails | 8 9 11 15 | 15.0
Fighting       | 5 6 |  6.5
Armour         | 5 6 |  6.5
Dodging        | 2 3 |  3.4
Shields        | 5 6 |  6.5

Action                     |  1- 3 |  4- 6 |  7- 9 || total
---------------------------+-------+-------+-------++-------
  Melee: Flail             |    38 |    48 |     5 ||    91
    Use: Potion            |     5 |     1 |       ||     6
 Armour: Scale mail        |    22 |    11 |     3 ||    36
  Dodge: Dodged            |    16 |    19 |       ||    35
  Block: Buckler           |     5 |     6 |     1 ||    12

Table legend: (Time is in decaauts)
 A = Elapsed time spent in this place.
 B = Non-inter-level travel time spent in this place.
 C = Inter-level travel time spent in this place.
 D = Time resting spent in this place.
 E = Time spent auto-exploring this place.
 F = Levels seen in this place.
 G = Mean time per level.
                   A        B        C        D        E       F      G
               +--------+--------+--------+--------+--------+-----+--------+
         Total |    951 |    951 |      0 |    701 |      0 |   1 |  951.0 |
       Dungeon |    951 |    951 |      0 |    701 |      0 |   1 |  951.0 |
               +--------+--------+--------+--------+--------+-----+--------+

Top non-repeatable levels by time:
       D: 951 daAuts
